 Dungeon Crawl Stone Soup version 0.27.1 (webtiles) character file.

Game seed: 13480962117695868238

420 dtburroughs the Chopper (level 6, -9/56 HPs)
             Began as a Minotaur Berserker on Sept 4, 2021.
             Was a Priest of Trog.
             Mangled by an ogre (25 damage)
             ... on level 5 of the Dungeon.
             The game lasted 00:05:39 (3478 turns).

dtburroughs the Chopper (Minotaur Berserker)        Turns: 3478, Time: 00:05:40

Health: -9/56      AC: 13    Str: 22    XL:     6   Next: 62%
Magic:  5/5        EV:  7    Int:  6    God:    Trog [***...]
Gold:   179        SH:  3    Dex:  9    Spells: 5/5 levels left

rFire    . . .     SeeInvis .   n - +1 hand axe (freeze)
rCold    . . .     Faith    .   u - +0 buckler
rNeg     . . .     Spirit   .   q - +0 plate armour
rPois    .         Reflect  .   (helmet restricted)
rElec    .         Harm     .   k - +0 cloak
rCorr    .         Rampage  .   (no gloves)
Will     .....                  (no boots)
Stlth    ..........             (no amulet)
HPRegen  0.18/turn              (no ring)
MPRegen  0.09/turn              (no ring)

@: no status effects
A: horns 2, retaliatory headbutt
a: Renounce Religion, Berserk, Trog's Hand


You were on level 5 of the Dungeon.
You worshipped Trog.
Trog was most pleased with you.
You visited 1 branch of the dungeon, and saw 5 of its levels.

You collected 179 gold pieces.

Inventory:

Hand Weapons
 a - a +0 hand axe
 n - a +1 hand axe of freezing (weapon)
Armour
 b - a +0 animal skin
 d - a +0 ring mail
 i - a +1 ring mail of cold resistance
 k - a +0 cloak (worn)
 q - a +0 plate armour (worn)
 u - a +0 buckler (worn)
Scrolls
 c - 3 scrolls of teleportation {unknown}
 e - 3 scrolls of identify {unknown}
 g - a scroll of enchant armour {unknown}
 h - a scroll of holy word {unknown}
 p - a scroll of vulnerability {unknown}
 t - a scroll of amnesia {unknown}
Potions
 f - 2 potions of lignification {unknown}
 j - a potion of attraction {unknown}
 l - a potion of cancellation {unknown}
 m - a potion of magic {unknown}
 o - 2 potions of heal wounds {unknown}
 r - a potion of flight {unknown}
 s - 2 potions of might {unknown}
 v - a potion of brilliance {unknown}


   Skills:
 + Level 5.4 Fighting
 + Level 5.4 Axes
 + Level 4.6 Armour
 + Level 4.2 Dodging
 + Level 1.2 Shields


You had 5 spell levels left.
You didn't know any spells.
Your spell library was empty.

Dungeon Overview and Level Annotations

Branches:
Dungeon (5/15)
 Temple: D:4-7

Altars:
Fedhas
Qazlal
Sif Muna
Trog
Uskayaw
Xom

Shops:
D:1 *


Innate Abilities, Weirdness & Mutations

You have a pair of horns on your head.
You reflexively headbutt those who attack you in melee.


Message History

The howler monkey zombie is almost destroyed.
The howler monkey zombie hits you.
You slash the howler monkey zombie!
You destroy the howler monkey zombie!
Trog accepts your kill.
HP restored.
v - a sedimented puce potion You now have 170 gold pieces (gained 18).
Found a ring mail.
Found 9 gold pieces.
Found a flail.
You now have 179 gold pieces (gained 9).
There are no items here.
An ogre comes into view. It is wielding a +0 giant spiked club.
Found a ring mail.
The ogre shouts!
An orc priest comes into view. It is wielding a +0 dagger.
The orc priest shouts!
You hit the ogre. You freeze the ogre.
The ogre is lightly wounded.
You block the ogre's attack.
You hit the ogre. You freeze the ogre.
The ogre is moderately wounded.
The ogre completely misses you.
You slash the ogre! You freeze the ogre. Your headbutt misses the ogre.
The ogre is severely wounded.
An orc priest comes into view. It is wielding a +0 hand axe.
The ogre hits you with a +0 giant spiked club!!
Ouch! That really hurt!
The orc priest shouts!
You hit the ogre. You freeze the ogre.
The ogre is almost dead.
The orc priest calls down the wrath of Beogh upon you.
Beogh smites you!
* * * LOW HITPOINT WARNING * * *
You hear a shout!
You barely miss the ogre. Your headbutt misses the ogre.
The ogre is almost dead.
The ogre hits you with a +0 giant spiked club!!
You die...

#.........##.##.........
......##..##..[.....
.......#............
.................##
.##....#......##..#
.......#.......#....
.......#...#...# ###
..8....#.###...#
.......@)# #...#
..8....O....####
...........##
........8..#
#..o.......#
#.[.......## .o........#
....##....#


You could see an ogre and 2 orc priests.

Vanquished Creatures
  A phantom (D:4)
  A centaur zombie (D:3)
  A hound (D:4)
  An iguana (D:4)
  A hound zombie (D:3)
  4 hound skeletons
  A howler monkey zombie (D:5)
  10 adders
  2 adder zombies (D:3)
  5 dart slugs
  7 orcs
  6 endoplasms
  3 giant cockroaches
  6 goblins
  5 hobgoblins
  3 jackals (D:1)
  2 quokkas
  A ball python (D:4)
  7 bats
  5 frilled lizards
  4 kobolds
  A quokka skeleton (D:4)
  4 rats
81 creatures vanquished.

Vanquished Creatures (others)
  2 withered plants (D:3)
2 creatures vanquished.

Grand Total: 83 creatures vanquished

Notes
Turn   | Place    | Note
-------+----------+-------------------------------------------
     0 | D:1      | dtburroughs the Minotaur Berserker began the quest for the
                  | Orb.
     0 | D:1      | Reached XP level 1. HP: 19/19 MP: 0/0
   288 | D:1      | Reached XP level 2. HP: 27/27 MP: 1/1
   457 | D:1      | Found Dadul's Assorted Antiques.
  1053 | D:2      | Reached XP level 3. HP: 27/33 MP: 2/2
  1192 | D:2      | Found a faded altar of an unknown god.
  1379 | D:2      | Reached ** piety under Trog
  1836 | D:3      | Reached XP level 4. HP: 36/40 MP: 3/3
  1948 | D:3      | Found a hide-covered altar of Uskayaw.
  2005 | D:3      | Reached XP level 5. HP: 39/47 MP: 4/4
  2316 | D:3      | Found a shimmering altar of Xom.
  2629 | D:4      | Reached skill level 5 in Axes
  2634 | D:4      | Reached skill level 5 in Fighting
  2728 | D:4      | Reached XP level 6. HP: 45/56 MP: 5/5
  3108 | D:4      | Reached skill level 1 in Shields
  3136 | D:4      | Found a blossoming altar of Fedhas.
  3140 | D:4      | Found a stormy altar of Qazlal.
  3140 | D:4      | Found a shimmering blue altar of Sif Muna.
  3141 | D:4      | Found a bloodstained altar of Trog.
  3161 | D:4      | Reached *** piety under Trog
  3423 | D:5      | Entered Level 5 of the Dungeon
  3478 | D:5      | Mangled by an ogre

Illustrated notes

Levels and vault maps discovered:
D:1:      wander_arrival_peaceful_grave, layout_basic, serial_shops,
          nicolae_shop_window_shopping
D:2:      layout_basic, ebering_ecumenical_altar_webs, palyth_stone_intersect,
          hangedman_decor_growths
D:3:      layout_basic, mainiacjoe_overflow_alcove_2,
          nicolae_uskayaw_dance_hall, serial_undead, serial_undead_b,
          serial_undead_f, serial_undead_b, serial_undead_f, serial_undead_a,
          serial_undead_a, kennysheep_cross_bottleneck,
          small_statue_intersection, chequers_serial_rivers_micro_b,
          st_stairs_11
D:4:      layout_cave_pools, grunt_temple_overflow_open
D:5:      minmay_bubble_buster, layout_cave_pools,
          mainiacjoe_overflow_cross_hatched, amcnicky_altar_gilded,
          minmay_temple_entry_nine_rooms, serial_column_ruins, column_ruins_hut,
          column_ruins_grid_1, column_ruins_grid_2, column_ruins_open_small,
          column_ruins_grid_1

Skill      XL: |  1  2  3  4  5  6 |
---------------+-------------------+-----
Axes           | 4 5 |  5.4
Fighting       | 4 5 |  5.4
Armour         | 3 4 |  4.6
Dodging        | 3 4 |  4.2
Shields        | 1 |  1.2

Action                   |  1- 3 |  4- 6 || total
-------------------------+-------+-------++-------
Melee: Hand axe          |    71 |   114 ||   185
       Headbutt          |     8 |    22 ||    30
Armor: Animal skin       |    10 |       ||    10
       Ring mail         |    34 |    23 ||    57
       Plate armour      |       |    34 ||    34
Dodge: Dodged            |    58 |    54 ||   112
Block: Buckler           |       |     2 ||     2
